| Goals | Penalties |
No Goal
|
No Penalty
|
1. Americans , Matthew Highmore 7 (Aatu Raty 13) at 0:34
2. Americans , Jaret Anderson-Dolan 10 (Ville Heinola 4, Ryan Greene 5) at 2:26
3. Gulls , Anders Bjork 4 (Cade Borchardt 1, Charlie Wright 3) at 15:54 (PP)
4. Gulls , Zach Solow 2 (Cam Atkinson 9, Andrew Perrott 4) at 16:02
|
Arttu Hyry (ANA) for Interference (Minor) at 4:49 Adam Raska (BUF) for Holding (Minor) at 8:43 Adam Raska (BUF) for Tripping (Minor) at 15:02
|
5. Gulls , Kailer Yamamoto 10 (Cam Atkinson 10, Cal Petersen) at 1:49 (SH)
6. Gulls , Guillaume Brisebois 1 (Cam Atkinson 11, Brett Davis 1) at 19:50 (Empty Net)
|
Andrew Perrott (ANA) for Tripping (Minor) at 0:45
|
|
Cal Petersen (ANA), 16 saves from 18 shots - (0,889), W, 7-9-5, 60:00 minutes
Brandon Bussi (BUF), 7 saves from 10 shots - (0,700), L, 8-5-1, 59:10 minutes
|
|
1 - Cam Atkinson (ANA)
2 - Anders Bjork (ANA)
3 - Zach Solow (ANA)
|
Referees : Corey Syvret and Kyle Rehman
Linesman : Antoine Bujold-Roux and Jesse Marquis
|
|
Guillaume Brisebois has scored in a empty net!
|
| Team Name |
Goals |
Shots |
Shots Attemp |
Shots Blocked |
PIM |
HIT |
PP |
PK |
FO% |
| Gulls |
4 | 11 | 19 | 8 | 4 | 14 | 1 / 2 (50%) | 0 | 48% |
| Americans |
2 | 18 | 39 | 3 | 4 | 22 | 0 / 2 (0%) | 1 | 52% |
Gulls
| Player Name |
POS |
G |
A |
P |
+/- |
PIM |
HIT |
SHT |
SB |
MP |
PP MP |
PP SHT |
PK MP |
PK SHT |
FO% |
FOT |
GA |
TA |
| Alex Kannok Leipert | D | 0 | 0 | 0 | 1 | 0 | 1 | 0 | 1 | 23:42 | 1:43 | 0 | 2:51 | 0 | 0% |
0 | 0 | 0 |
| Anders Bjork | LW | 1 | 0 | 1 | 2 | 0 | 1 | 1 | 1 | 18:17 | 1:04 | 1 | 1:22 | 0 | 67% |
3 | 1 | 1 |
| Andrew Perrott | D | 0 | 1 | 1 | -1 | 2 | 3 | 0 | 2 | 24:23 | 1:51 | 0 | 1:14 | 0 | 0% |
0 | 1 | 0 |
| Arttu Hyry | RW | 0 | 0 | 0 | -2 | 2 | 1 | 0 | 0 | 20:50 | 1:30 | 0 | 0:00 | 0 | 75% |
4 | 0 | 0 |
| Atley Calvert | C | 0 | 0 | 0 | 0 | 0 | 1 | 0 | 0 | 13:46 | 1:09 | 0 | 0:34 | 0 | 33% |
3 | 0 | 0 |
| Blake Biondi | C | 0 | 0 | 0 | 0 | 0 | 0 | 1 | 0 | 6:39 | 0:17 | 0 | 0:00 | 0 | 0% |
1 | 0 | 0 |
| Brett Davis | LW | 0 | 1 | 1 | 1 | 0 | 0 | 0 | 1 | 6:06 | 0:17 | 0 | 0:09 | 0 | 0% |
0 | 0 | 0 |
| Bryan Yoon | D | 0 | 0 | 0 | 1 | 0 | 0 | 0 | 0 | 12:37 | 0:24 | 0 | 1:24 | 0 | 0% |
0 | 0 | 0 |
| Cade Borchardt | C/LW/RW | 0 | 1 | 1 | 0 | 0 | 0 | 2 | 0 | 11:59 | 1:02 | 1 | 0:00 | 0 | 0% |
0 | 0 | 0 |
| Cam Atkinson | LW/RW | 0 | 3 | 3 | 1 | 0 | 1 | 2 | 0 | 23:50 | 1:25 | 0 | 2:27 | 0 | 44% |
16 | 1 | 1 |
| Charlie Wright | D | 0 | 1 | 1 | 0 | 0 | 0 | 0 | 1 | 21:12 | 1:08 | 0 | 0:22 | 0 | 0% |
0 | 0 | 0 |
| Christian Felton | D | 0 | 0 | 0 | 0 | 0 | 0 | 0 | 0 | 2:18 | 0:36 | 0 | 0:00 | 0 | 0% |
0 | 0 | 0 |
| Guillaume Brisebois | D | 1 | 0 | 1 | 1 | 0 | 0 | 1 | 0 | 17:21 | 0:00 | 0 | 2:05 | 0 | 0% |
0 | 0 | 0 |
| Kailer Yamamoto | C/RW | 1 | 0 | 1 | 0 | 0 | 1 | 1 | 0 | 21:43 | 1:37 | 0 | 2:27 | 1 | 50% |
4 | 0 | 0 |
| Riley Stillman | D | 0 | 0 | 0 | 0 | 0 | 0 | 0 | 2 | 19:13 | 0:00 | 0 | 0:00 | 0 | 0% |
0 | 0 | 0 |
| Wyatt Bongiovanni | LW | 0 | 0 | 0 | -1 | 0 | 2 | 0 | 0 | 17:00 | 0:00 | 0 | 0:00 | 0 | 0% |
0 | 0 | 0 |
| Xavier Parent | C/LW/RW | 0 | 0 | 0 | 0 | 0 | 2 | 1 | 0 | 19:35 | 0:00 | 0 | 0:57 | 0 | 0% |
0 | 0 | 0 |
| Zach Solow | RW | 1 | 0 | 1 | 1 | 0 | 1 | 2 | 0 | 15:29 | 0:12 | 0 | 0:00 | 0 | 0% |
0 | 1 | 0 |
Americans
| Player Name |
POS |
G |
A |
P |
+/- |
PIM |
HIT |
SHT |
SB |
MP |
PP MP |
PP SHT |
PK MP |
PK SHT |
FO% |
FOT |
GA |
TA |
| Aatu Raty | C | 0 | 1 | 1 | 0 | 0 | 1 | 3 | 1 | 20:49 | 1:47 | 1 | 1:21 | 0 | 67% |
6 | 1 | 0 |
| Adam Raska | LW/RW | 0 | 0 | 0 | -2 | 4 | 1 | 0 | 0 | 6:59 | 0:24 | 0 | 0:00 | 0 | 0% |
1 | 0 | 0 |
| Angus Booth | D | 0 | 0 | 0 | -1 | 0 | 0 | 0 | 0 | 15:05 | 0:57 | 0 | 1:20 | 0 | 0% |
0 | 0 | 0 |
| Brendan Lemieux | LW | 0 | 0 | 0 | 1 | 0 | 1 | 0 | 0 | 20:36 | 2:17 | 0 | 1:45 | 0 | 100% |
2 | 0 | 1 |
| Cross Hanas | LW | 0 | 0 | 0 | 0 | 0 | 0 | 0 | 0 | 2:19 | 0:00 | 0 | 0:50 | 0 | 0% |
0 | 0 | 0 |
| Daniil Miromanov | D | 0 | 0 | 0 | -1 | 0 | 2 | 1 | 1 | 26:27 | 3:01 | 0 | 1:31 | 0 | 0% |
0 | 0 | 0 |
| Declan Carlile | D | 0 | 0 | 0 | -1 | 0 | 2 | 0 | 0 | 21:17 | 2:57 | 0 | 1:48 | 0 | 0% |
0 | 0 | 1 |
| Jaret Anderson-Dolan | C/RW | 1 | 0 | 1 | -1 | 0 | 1 | 2 | 0 | 20:49 | 2:17 | 0 | 0:00 | 0 | 0% |
0 | 0 | 0 |
| John Farinacci | C | 0 | 0 | 0 | -1 | 0 | 1 | 1 | 0 | 18:57 | 1:25 | 0 | 0:21 | 0 | 50% |
4 | 0 | 0 |
| Matthew Highmore | C/RW | 1 | 0 | 1 | 0 | 0 | 0 | 3 | 0 | 18:45 | 0:08 | 0 | 0:00 | 0 | 0% |
0 | 0 | 0 |
| Maxim Groshev | RW | 0 | 0 | 0 | 0 | 0 | 2 | 0 | 0 | 15:49 | 1:33 | 0 | 0:07 | 0 | 0% |
0 | 0 | 0 |
| Ozzy Wiesblatt | RW | 0 | 0 | 0 | 0 | 0 | 0 | 0 | 0 | 1:37 | 0:00 | 0 | 0:00 | 0 | 0% |
0 | 0 | 0 |
| Ryan Greene | C | 0 | 1 | 1 | 1 | 0 | 4 | 3 | 0 | 15:49 | 0:00 | 0 | 0:00 | 0 | 60% |
5 | 1 | 0 |
| Sebastien Aho | D | 0 | 0 | 0 | 0 | 0 | 2 | 1 | 0 | 18:56 | 1:01 | 0 | 1:03 | 0 | 0% |
0 | 0 | 0 |
| Tanner Laczynski | C | 0 | 0 | 0 | -1 | 0 | 3 | 2 | 1 | 21:37 | 2:03 | 1 | 1:18 | 0 | 42% |
12 | 0 | 0 |
| Vasili Ponomarev | C | 0 | 0 | 0 | 0 | 0 | 1 | 0 | 0 | 13:01 | 0:00 | 0 | 0:00 | 0 | 0% |
1 | 0 | 0 |
| Ville Heinola | D | 0 | 1 | 1 | 1 | 0 | 1 | 0 | 0 | 19:39 | 0:00 | 0 | 0:00 | 0 | 0% |
0 | 0 | 2 |
| Vladislav Kolyachonok | D | 0 | 0 | 0 | 0 | 0 | 0 | 2 | 0 | 18:36 | 0:00 | 0 | 0:00 | 0 | 0% |
0 | 0 | 0 |
Gulls
| 5 vs 5 Forward |
|---|
| Line # | Left Wing | Center | Right Wing | PHY | DF | OF | Wanted % | Time % | Time Play |
| 1 | Kailer Yamamoto | Cam Atkinson | Arttu Hyry | 1 | 2 | 2 | 40 | 30% | 15:37
|
| 2 | Wyatt Bongiovanni | Arttu Hyry | Xavier Parent | 1 | 2 | 2 | 30 | 38% | 19:42
|
| 3 | Zach Solow | Anders Bjork | Cam Atkinson | 1 | 2 | 2 | 20 | 26% | 13:32
|
| 4 | Cam Atkinson | Kailer Yamamoto | Xavier Parent | 1 | 2 | 2 | 10 | 6% | 3:20
|
| 5 vs 5 Defense |
|---|
| Line # | Defense | Defense | | PHY | DF | OF | Wanted % | Time % | Time Play |
| 1 | Alex Kannok Leipert | Andrew Perrott | | 1 | 2 | 2 | 40 | 35% | 18:13
|
| 2 | Guillaume Brisebois | Andrew Perrott | | 1 | 2 | 2 | 30 | 28% | 14:36
|
| 3 | Riley Stillman | Charlie Wright | | 1 | 2 | 2 | 20 | 35% | 18:09
|
| 4 | Andrew Perrott | Alex Kannok Leipert | | 1 | 2 | 2 | 10 | 2% | 1:13
|
| Power Play Forward |
|---|
| Line # | Left Wing | Center | Right Wing | PHY | DF | OF | Wanted % | Time % | Time Play |
| 1 | Arttu Hyry | Cam Atkinson | Kailer Yamamoto | 1 | 2 | 2 | 60 | 100% | 2:51
|
| 2 | Kailer Yamamoto | Cam Atkinson | Arttu Hyry | 1 | 2 | 2 | 40 | 0% | 0:00
|
| Power Play Defense |
|---|
| Line # | Defense | Defense | | PHY | DF | OF | Wanted % | Time % | Time Play |
| 1 | Andrew Perrott | Alex Kannok Leipert | | 1 | 2 | 2 | 60 | 60% | 1:43
|
| 2 | Andrew Perrott | Charlie Wright | | 1 | 2 | 2 | 40 | 40% | 1:08
|
| Penalty Kill 4 Players Forward |
|---|
| Line # | Center | Wing | PHY | DF | OF | Wanted % | Time % | Time Play |
| 1 | Cam Atkinson | Kailer Yamamoto | 1 | 2 | 2 | 60 | 76% | 3:01
|
| 2 | Xavier Parent | Anders Bjork | 1 | 2 | 2 | 40 | 24% | 0:57
|
| Penalty Kill 4 Players Defense |
|---|
| Line # | Defense | Defense | PHY | DF | OF | Wanted % | Time % | Time Play |
| 1 | Andrew Perrott | Alex Kannok Leipert | 1 | 2 | 2 | 60 | 100% | 3:58
|
| 2 | Alex Kannok Leipert | Andrew Perrott | 1 | 2 | 2 | 40 | 0% | 0:00
|
| Penalty Kill 3 Players |
|---|
| Line # | Wing | PHY | DF | OF | Wanted % | Time % | Time Play | Defense | Defense | PHY | DF | OF | Wanted % | Time % | Time Play |
| 1 | Cam Atkinson | 1 | 2 | 2 | 60 | 0% | 0:00
| Alex Kannok Leipert | Guillaume Brisebois | 1 | 2 | 2 | 60 | 0% | 0:00
|
| 2 | Cam Atkinson | 1 | 2 | 2 | 40 | 0% | 0:00
| Guillaume Brisebois | Andrew Perrott | 1 | 2 | 2 | 40 | 0% | 0:00
|
| 4 vs 4 Forward |
|---|
| Line # | Center | Wing | PHY | DF | OF | Wanted % | Time % | Time Play |
| 1 | Kailer Yamamoto | Xavier Parent | 1 | 2 | 2 | 60 | 0% | 0:00
|
| 2 | Wyatt Bongiovanni | Zach Solow | 1 | 2 | 2 | 40 | 0% | 0:00
|
| 4 vs 4 Defense |
|---|
| Line # | Defense | | PHY | DF | OF | Wanted % | Time % | Time Play |
| 1 | Guillaume Brisebois | Andrew Perrott | 1 | 2 | 2 | 60 | 0% | 0:00
|
| 2 | Andrew Perrott | Alex Kannok Leipert | 1 | 2 | 2 | 40 | 0% | 0:00
|
| Last Minutes Offensive |
|---|
| Left Wing | Center | Right Wing | Defense | Defense |
| Arttu Hyry | Cam Atkinson | Kailer Yamamoto | Alex Kannok Leipert | Guillaume Brisebois |
| Last Minutes Defensive |
|---|
| Left Wing | Center | Right Wing | Defense | Defense |
| Arttu Hyry | Cam Atkinson | Kailer Yamamoto | Alex Kannok Leipert | Guillaume Brisebois |
| Time |
|---|
| Total Forward | Total Defense | Last Minutes Offensive | Last Minutes Defensive |
| 60:00 |
60:00 |
0:00 | 1:00 |
| Extra Forwards |
|---|
| Normal | PowerPlay | Penalty Kill |
|
Kailer Yamamoto, Cam Atkinson, Arttu Hyry | Kailer Yamamoto, Arttu Hyry | Cam Atkinson |
| Extra Defensemen |
|---|
| Normal | PowerPlay | Penalty Kill |
|
Andrew Perrott, Alex Kannok Leipert, Charlie Wright | Christian Felton, Andrew Perrott | Guillaume Brisebois |
| Penalty Shots |
|---|
|
Xavier Parent, Cam Atkinson, Wyatt Bongiovanni, Kailer Yamamoto, Arttu Hyry |
| Goalie |
|---|
| Cal Petersen, Ben Gaudreau |
| Scratches |
|---|
|
Colin Felix (Healthy), Ales Stezka (Healthy) |
Americans
| 5 vs 5 Forward |
|---|
| Line # | Left Wing | Center | Right Wing | PHY | DF | OF | Wanted % | Time % | Time Play |
| 1 | Brendan Lemieux | Aatu Raty | Matthew Highmore | 1 | 2 | 2 | 40 | 32% | 16:35
|
| 2 | Tanner Laczynski | Ryan Greene | Jaret Anderson-Dolan | 1 | 2 | 2 | 30 | 34% | 17:33
|
| 3 | Jaret Anderson-Dolan | Tanner Laczynski | John Farinacci | 1 | 2 | 2 | 20 | 11% | 5:47
|
| 4 | Vasili Ponomarev | John Farinacci | Maxim Groshev | 1 | 2 | 2 | 10 | 23% | 12:15
|
| 5 vs 5 Defense |
|---|
| Line # | Defense | Defense | | PHY | DF | OF | Wanted % | Time % | Time Play |
| 1 | Daniil Miromanov | Ville Heinola | | 1 | 2 | 2 | 40 | 37% | 19:30
|
| 2 | Daniil Miromanov | Declan Carlile | | 1 | 2 | 2 | 30 | 27% | 13:58
|
| 3 | Vladislav Kolyachonok | Sebastien Aho | | 1 | 2 | 2 | 20 | 32% | 16:36
|
| 4 | Daniil Miromanov | Declan Carlile | | 1 | 2 | 2 | 10 | 4% | 2:06
|
| Power Play Forward |
|---|
| Line # | Left Wing | Center | Right Wing | PHY | DF | OF | Wanted % | Time % | Time Play |
| 1 | Brendan Lemieux | Tanner Laczynski | Jaret Anderson-Dolan | 1 | 2 | 2 | 60 | 56% | 2:14
|
| 2 | Aatu Raty | Brendan Lemieux | Jaret Anderson-Dolan | 1 | 2 | 2 | 40 | 44% | 1:44
|
| Power Play Defense |
|---|
| Line # | Defense | Defense | | PHY | DF | OF | Wanted % | Time % | Time Play |
| 1 | Daniil Miromanov | Declan Carlile | | 1 | 2 | 2 | 60 | 100% | 3:58
|
| 2 | Daniil Miromanov | Declan Carlile | | 1 | 2 | 2 | 40 | 0% | 0:00
|
| Penalty Kill 4 Players Forward |
|---|
| Line # | Center | Wing | PHY | DF | OF | Wanted % | Time % | Time Play |
| 1 | Tanner Laczynski | Brendan Lemieux | 1 | 2 | 2 | 60 | 100% | 2:51
|
| 2 | Brendan Lemieux | Matthew Highmore | 1 | 2 | 2 | 40 | 0% | 0:00
|
| Penalty Kill 4 Players Defense |
|---|
| Line # | Defense | Defense | PHY | DF | OF | Wanted % | Time % | Time Play |
| 1 | Daniil Miromanov | Declan Carlile | 1 | 2 | 2 | 60 | 100% | 2:51
|
| 2 | Daniil Miromanov | Declan Carlile | 1 | 2 | 2 | 40 | 0% | 0:00
|
| Penalty Kill 3 Players |
|---|
| Line # | Wing | PHY | DF | OF | Wanted % | Time % | Time Play | Defense | Defense | PHY | DF | OF | Wanted % | Time % | Time Play |
| 1 | Brendan Lemieux | 1 | 2 | 2 | 60 | 0% | 0:00
| Daniil Miromanov | Declan Carlile | 1 | 2 | 2 | 60 | 0% | 0:00
|
| 2 | Jaret Anderson-Dolan | 1 | 2 | 2 | 40 | 0% | 0:00
| Daniil Miromanov | Declan Carlile | 1 | 2 | 2 | 40 | 0% | 0:00
|
| 4 vs 4 Forward |
|---|
| Line # | Center | Wing | PHY | DF | OF | Wanted % | Time % | Time Play |
| 1 | Tanner Laczynski | Brendan Lemieux | 1 | 2 | 2 | 60 | 0% | 0:00
|
| 2 | Brendan Lemieux | Tanner Laczynski | 1 | 2 | 2 | 40 | 0% | 0:00
|
| 4 vs 4 Defense |
|---|
| Line # | Defense | | PHY | DF | OF | Wanted % | Time % | Time Play |
| 1 | Daniil Miromanov | Declan Carlile | 1 | 2 | 2 | 60 | 0% | 0:00
|
| 2 | Daniil Miromanov | Declan Carlile | 1 | 2 | 2 | 40 | 0% | 0:00
|
| Last Minutes Offensive |
|---|
| Left Wing | Center | Right Wing | Defense | Defense |
| Brendan Lemieux | Aatu Raty | Matthew Highmore | Daniil Miromanov | Vladislav Kolyachonok |
| Last Minutes Defensive |
|---|
| Left Wing | Center | Right Wing | Defense | Defense |
| Brendan Lemieux | Aatu Raty | Matthew Highmore | Daniil Miromanov | Vladislav Kolyachonok |
| Time |
|---|
| Total Forward | Total Defense | Last Minutes Offensive | Last Minutes Defensive |
| 60:00 |
60:00 |
1:01 | 0:00 |
| Extra Forwards |
|---|
| Normal | PowerPlay | Penalty Kill |
|
Tanner Laczynski, Matthew Highmore, Brendan Lemieux | Tanner Laczynski, Brendan Lemieux | Tanner Laczynski |
| Extra Defensemen |
|---|
| Normal | PowerPlay | Penalty Kill |
|
Declan Carlile, Daniil Miromanov, Vladislav Kolyachonok | Declan Carlile, Declan Carlile | Daniil Miromanov |
| Penalty Shots |
|---|
|
Brendan Lemieux, Matthew Highmore, Jaret Anderson-Dolan, Aatu Raty, Tanner Laczynski |
| Goalie |
|---|
| Brandon Bussi, Leevi Merilainen |
| Scratches |
|---|
|
Brett Harrison (Healthy), Caedan Bankier (Healthy), Jakub Brabenec (Healthy), Dans Locmelis (Healthy), Josh Lopina (Healthy)
Santeri Hatakka (Healthy), Ilya Nikolaev (Healthy), Jack LaFontaine (Healthy) |
Play-by-Play
1st period
0:01 of 1st period - Aatu Raty wins face-off versus Cam Atkinson in neutral zone.
3:37 of 1st period - Icing by Wyatt Bongiovanni.
3:38 of 1st period - Atley Calvert wins face-off versus Vasili Ponomarev in Gulls zone.
3:49 of 1st period - Anders Bjork is hit by Ryan Greene and loses puck.
4:04 of 1st period - Kailer Yamamoto is hit by Brendan Lemieux and loses puck.
5:03 of 1st period - Tanner Laczynski is hit by Xavier Parent and loses puck.
5:20 of 1st period - Snap shot by Cade Borchardt.
5:20 of 1st period - Stopped by Brandon Bussi with a rebound.
8:00 of 1st period - Icing by Andrew Perrott.
8:01 of 1st period - John Farinacci wins face-off versus Blake Biondi in Gulls zone.
8:02 of 1st period - Wrist shot by Maxim Groshev.
8:02 of 1st period - Shot Misses the Net.
9:03 of 1st period - Snap shot by Anders Bjork.
9:03 of 1st period - Deflect By Zach Solow.
9:03 of 1st period - Stopped by Brandon Bussi without a rebound.
9:04 of 1st period - Anders Bjork wins face-off versus Ryan Greene in Americans zone.
9:29 of 1st period - Andrew Perrott is hit by Ville Heinola and loses puck.
9:40 of 1st period - Snap shot by Vasili Ponomarev.
9:40 of 1st period - Shot Misses the Net.
11:24 of 1st period - Alex Kannok Leipert is hit by Ryan Greene.
11:40 of 1st period - Kailer Yamamoto is hit by Vasili Ponomarev and loses puck.
15:43 of 1st period - Ryan Greene is hit by Wyatt Bongiovanni and loses puck.
16:16 of 1st period - Charlie Wright is hit by Sebastien Aho and loses puck.
16:50 of 1st period - Icing by Aatu Raty.
16:51 of 1st period - Ryan Greene wins face-off versus Atley Calvert in Americans zone.
16:51 of 1st period - Ryan Greene is hit by Atley Calvert.
17:46 of 1st period - Icing by Maxim Groshev.
17:47 of 1st period - John Farinacci wins face-off versus Atley Calvert in Americans zone.
18:06 of 1st period - Slapshot by Ryan Greene.
18:06 of 1st period - Stopped by Cal Petersen with a rebound.
18:08 of 1st period - Wrist shot by Vladislav Kolyachonok.
18:08 of 1st period - Stopped by Cal Petersen without a rebound.
18:09 of 1st period - Ryan Greene wins face-off versus Cam Atkinson in Gulls zone.
18:32 of 1st period - Daniil Miromanov is hit by Wyatt Bongiovanni and loses puck.
18:37 of 1st period - Wrist shot by Xavier Parent.
18:37 of 1st period - Stopped by Brandon Bussi without a rebound.
18:38 of 1st period - Aatu Raty wins face-off versus Kailer Yamamoto in Americans zone.
19:06 of 1st period - Arttu Hyry is hit by Jaret Anderson-Dolan and loses puck.
Goals for this period are 0 for Gulls vs 0 for Americans.
Shots for this period are 3 for Gulls vs 2 for Americans.
2nd period
0:01 of 2nd period - Cam Atkinson wins face-off versus Tanner Laczynski in neutral zone.
0:14 of 2nd period - Wrist shot by Tanner Laczynski.
0:14 of 2nd period - Deflect By John Farinacci.
0:14 of 2nd period - Stopped by Cal Petersen with a rebound.
0:16 of 2nd period - Slapshot by Ville Heinola.
0:16 of 2nd period - Shot Misses the Net.
0:34 of 2nd period - Snap shot by Matthew Highmore.
0:34 of 2nd period - Goal by Matthew Highmore - Gulls : 0 - Americans : 1.
0:35 of 2nd period - Arttu Hyry wins face-off versus Tanner Laczynski in neutral zone.
0:40 of 2nd period - John Farinacci is hit by Alex Kannok Leipert and loses puck.
0:48 of 2nd period - Off-side.
0:49 of 2nd period - Tanner Laczynski wins face-off versus Kailer Yamamoto in neutral zone.
0:49 of 2nd period - Tanner Laczynski is hit by Andrew Perrott.
1:15 of 2nd period - Tanner Laczynski is hit by Andrew Perrott.
1:19 of 2nd period - Snap shot by Daniil Miromanov.
1:19 of 2nd period - Stopped by Cal Petersen without a rebound.
1:20 of 2nd period - Brendan Lemieux wins face-off versus Anders Bjork in Gulls zone.
1:21 of 2nd period - Snap shot by Aatu Raty.
1:21 of 2nd period - Stopped by Cal Petersen with a rebound.
1:23 of 2nd period - Snap shot by Matthew Highmore.
1:23 of 2nd period - Stopped by Cal Petersen with a rebound.
1:33 of 2nd period - Snap shot by Matthew Highmore.
1:33 of 2nd period - Stopped by Cal Petersen with a rebound.
1:35 of 2nd period - Snap shot by Vladislav Kolyachonok.
1:35 of 2nd period - Stopped by Cal Petersen with a rebound.
1:47 of 2nd period - Slapshot by Sebastien Aho.
1:47 of 2nd period - Stopped by Cal Petersen without a rebound.
1:48 of 2nd period - Ryan Greene wins face-off versus Arttu Hyry in Gulls zone.
1:49 of 2nd period - Snap shot by Tanner Laczynski.
1:49 of 2nd period - Shot Misses the Net.
1:51 of 2nd period - Snap shot by Ryan Greene.
1:51 of 2nd period - Stopped by Cal Petersen without a rebound.
1:52 of 2nd period - Arttu Hyry wins face-off versus Ryan Greene in Gulls zone.
2:07 of 2nd period - Wyatt Bongiovanni is hit by Ryan Greene and loses puck.
2:16 of 2nd period - Slapshot by Tanner Laczynski.
2:16 of 2nd period - Shot Blocked by Andrew Perrott.
2:20 of 2nd period - Snap shot by Tanner Laczynski.
2:20 of 2nd period - Stopped by Cal Petersen with a rebound.
2:22 of 2nd period - Slapshot by Ryan Greene.
2:22 of 2nd period - Stopped by Cal Petersen with a rebound.
2:24 of 2nd period - Slapshot by Ville Heinola.
2:24 of 2nd period - Shot Misses the Net.
2:26 of 2nd period - Wrist shot by Jaret Anderson-Dolan.
2:26 of 2nd period - Goal by Jaret Anderson-Dolan - Gulls : 0 - Americans : 2.
2:27 of 2nd period - Kailer Yamamoto wins face-off versus Aatu Raty in neutral zone.
2:37 of 2nd period - Off-side.
2:38 of 2nd period - Cam Atkinson wins face-off versus Tanner Laczynski in neutral zone.
2:43 of 2nd period - Snap shot by Cam Atkinson.
2:43 of 2nd period - Stopped by Brandon Bussi without a rebound.
2:44 of 2nd period - Tanner Laczynski wins face-off versus Cam Atkinson in Americans zone.
3:10 of 2nd period - Slapshot by Cam Atkinson.
3:10 of 2nd period - Shot Misses the Net.
3:12 of 2nd period - Wrist shot by Zach Solow.
3:12 of 2nd period - Shot Blocked by Daniil Miromanov.
3:16 of 2nd period - Snap shot by Cam Atkinson.
3:16 of 2nd period - Shot Blocked by Tanner Laczynski.
4:25 of 2nd period - Icing by John Farinacci.
4:26 of 2nd period - Kailer Yamamoto wins face-off versus Tanner Laczynski in Americans zone.
4:49 of 2nd period - Minor Penalty to Arttu Hyry for Interference.
4:50 of 2nd period - Cam Atkinson wins face-off versus Tanner Laczynski in Gulls zone.
5:05 of 2nd period - Slapshot by Tanner Laczynski.
5:05 of 2nd period - Stopped by Cal Petersen with a rebound.
5:49 of 2nd period - Alex Kannok Leipert is hit by Daniil Miromanov and loses puck.
6:43 of 2nd period - Atley Calvert is hit by Adam Raska and loses puck.
6:49 of 2nd period - Penalty to Arttu Hyry is over, Arttu Hyry is back on ice.
8:43 of 2nd period - Minor Penalty to Adam Raska for Holding.
8:44 of 2nd period - Brendan Lemieux wins face-off versus Cam Atkinson in Americans zone.
9:21 of 2nd period - Aatu Raty is hit by Kailer Yamamoto and loses puck.
9:28 of 2nd period - Andrew Perrott is hit by Aatu Raty and loses puck.
10:43 of 2nd period - Penalty to Adam Raska is over, Adam Raska is back on ice.
11:06 of 2nd period - Wyatt Bongiovanni is hit by Tanner Laczynski and loses puck.
15:02 of 2nd period - Minor Penalty to Adam Raska for Tripping.
15:03 of 2nd period - Cam Atkinson wins face-off versus Tanner Laczynski in Americans zone.
15:44 of 2nd period - Snap shot by Anders Bjork.
15:44 of 2nd period - Shot Blocked by Aatu Raty.
15:46 of 2nd period - Slapshot by Charlie Wright.
15:46 of 2nd period - Shot Misses the Net.
15:48 of 2nd period - Snap shot by Cade Borchardt.
15:48 of 2nd period - Stopped by Brandon Bussi with a rebound.
15:50 of 2nd period - Slapshot by Cade Borchardt.
15:50 of 2nd period - Shot Misses the Net.
15:54 of 2nd period - Wrist shot by Anders Bjork.
15:54 of 2nd period - Goal by Anders Bjork - Gulls : 1 - Americans : 2.
15:55 of 2nd period - Anders Bjork wins face-off versus Tanner Laczynski in neutral zone.
16:02 of 2nd period - Snap shot by Zach Solow.
16:02 of 2nd period - Goal by Zach Solow - Gulls : 2 - Americans : 2.
16:03 of 2nd period - Aatu Raty wins face-off versus Cam Atkinson in neutral zone.
16:16 of 2nd period - Wrist shot by Aatu Raty.
16:16 of 2nd period - Shot Blocked by Alex Kannok Leipert.
16:18 of 2nd period - Slapshot by Matthew Highmore.
16:18 of 2nd period - Shot Misses the Net.
17:48 of 2nd period - Atley Calvert is hit by Sebastien Aho and loses puck.
18:05 of 2nd period - Arttu Hyry is hit by Maxim Groshev and loses puck.
18:18 of 2nd period - Tanner Laczynski is hit by Anders Bjork and loses puck.
18:59 of 2nd period - Ville Heinola is hit by Xavier Parent and loses puck.
19:16 of 2nd period - Xavier Parent is hit by Declan Carlile and loses puck.
19:44 of 2nd period - Icing by Angus Booth.
19:45 of 2nd period - Arttu Hyry wins face-off versus John Farinacci in Americans zone.
Goals for this period are 2 for Gulls vs 2 for Americans.
Shots for this period are 4 for Gulls vs 13 for Americans.
3rd period
0:01 of 3rd period - Cam Atkinson wins face-off versus Aatu Raty in neutral zone.
0:10 of 3rd period - Snap shot by Kailer Yamamoto.
0:10 of 3rd period - Deflect By Cam Atkinson.
0:10 of 3rd period - Stopped by Brandon Bussi without a rebound.
0:11 of 3rd period - Aatu Raty wins face-off versus Cam Atkinson in Americans zone.
0:18 of 3rd period - Snap shot by Matthew Highmore.
0:18 of 3rd period - Shot Misses the Net.
0:20 of 3rd period - Slapshot by Aatu Raty.
0:20 of 3rd period - Shot Blocked by Andrew Perrott.
0:22 of 3rd period - Slapshot by Aatu Raty.
0:22 of 3rd period - Stopped by Cal Petersen with a rebound.
0:24 of 3rd period - Slapshot by Ville Heinola.
0:24 of 3rd period - Shot Misses the Net.
0:45 of 3rd period - Minor Penalty to Andrew Perrott for Tripping.
0:46 of 3rd period - Tanner Laczynski wins face-off versus Cam Atkinson in Gulls zone.
1:00 of 3rd period - Snap shot by Jaret Anderson-Dolan.
1:00 of 3rd period - Shot Misses the Net.
1:10 of 3rd period - Alex Kannok Leipert is hit by Tanner Laczynski.
1:36 of 3rd period - Charlie Wright is hit by John Farinacci and loses puck.
1:49 of 3rd period - Slapshot by Kailer Yamamoto.
1:49 of 3rd period - Goal by Kailer Yamamoto - Gulls : 3 - Americans : 2.
1:50 of 3rd period - Tanner Laczynski wins face-off versus Cam Atkinson in neutral zone.
2:27 of 3rd period - Wrist shot by Aatu Raty.
2:27 of 3rd period - Stopped by Cal Petersen without a rebound.
2:28 of 3rd period - Cam Atkinson wins face-off versus John Farinacci in Gulls zone.
2:33 of 3rd period - Kailer Yamamoto is hit by Declan Carlile and loses puck.
2:38 of 3rd period - Wrist shot by Aatu Raty.
2:38 of 3rd period - Shot Misses the Net.
2:40 of 3rd period - Slapshot by Maxim Groshev.
2:40 of 3rd period - Shot Misses the Net.
2:42 of 3rd period - Slapshot by Maxim Groshev.
2:42 of 3rd period - Shot Misses the Net.
2:45 of 3rd period - Penalty to Andrew Perrott is over, Andrew Perrott is back on ice.
2:52 of 3rd period - Charlie Wright is hit by Daniil Miromanov and loses puck.
3:19 of 3rd period - Snap shot by Jaret Anderson-Dolan.
3:19 of 3rd period - Stopped by Cal Petersen with a rebound.
3:21 of 3rd period - Wrist shot by Ryan Greene.
3:21 of 3rd period - Shot Blocked by Charlie Wright.
3:23 of 3rd period - Slapshot by Ryan Greene.
3:23 of 3rd period - Shot Blocked by Anders Bjork.
3:25 of 3rd period - Wrist shot by Declan Carlile.
3:25 of 3rd period - Shot Blocked by Riley Stillman.
7:48 of 3rd period - Snap shot by Blake Biondi.
7:48 of 3rd period - Stopped by Brandon Bussi with a rebound.
7:50 of 3rd period - Wrist shot by Cade Borchardt.
7:50 of 3rd period - Shot Misses the Net.
9:16 of 3rd period - Tanner Laczynski is hit by Andrew Perrott and loses puck.
10:27 of 3rd period - Vladislav Kolyachonok is hit by Arttu Hyry and loses puck.
10:34 of 3rd period - Brett Davis is hit by Tanner Laczynski and loses puck.
11:33 of 3rd period - Angus Booth is hit by Zach Solow and loses puck.
12:22 of 3rd period - John Farinacci is hit by Cam Atkinson and loses puck.
16:56 of 3rd period - Charlie Wright is hit by Maxim Groshev.
18:31 of 3rd period - Arttu Hyry is hit by Ryan Greene and loses puck.
19:00 of 3rd period - Americans, Brandon Bussi is pulled from the net.
19:16 of 3rd period - Snap shot by Matthew Highmore.
19:16 of 3rd period - Shot Misses the Net.
19:40 of 3rd period - Slapshot by Ville Heinola.
19:40 of 3rd period - Shot Blocked by Brett Davis.
19:42 of 3rd period - Slapshot by Ville Heinola.
19:42 of 3rd period - Deflect By Adam Raska.
19:42 of 3rd period - Shot Blocked by Riley Stillman.
19:42 of 3rd period - Puck is out of play.
19:43 of 3rd period - Adam Foote call a timeout for Americans.
19:43 of 3rd period - Cam Atkinson wins face-off versus Adam Raska in Gulls zone.
19:48 of 3rd period - Snap shot by Cam Atkinson.
19:48 of 3rd period - Shot Misses the Net.
19:50 of 3rd period - Snap shot by Guillaume Brisebois.
19:50 of 3rd period - Goal by Guillaume Brisebois - Gulls : 4 - Americans : 2.
19:50 of 3rd period - Brandon Bussi from Americans was sent back in the game.
19:51 of 3rd period - Tanner Laczynski wins face-off versus Cam Atkinson in neutral zone.
Goals for this period are 2 for Gulls vs 0 for Americans.
Shots for this period are 4 for Gulls vs 3 for Americans.